 Dungeon Crawl Stone Soup version 0.17.1-2-g5865329 (webtiles) character file.

84 Faustar the Skirmisher (level 4, -1/39 HPs)
             Began as a Formicid Fighter on Jan 21, 2016.
             Succumbed to a gnoll's poison
             ... on level 2 of the Dungeon.
             The game lasted 00:03:07 (1400 turns).

Faustar the Skirmisher (Formicid Fighter)           Turns: 1400, Time: 00:03:07

Health: -1/39      AC:  8    Str: 22    XL:     4   Next: 72%
Magic:  4/4        EV:  8    Int:  7    God:
Gold:   142        SH:  9    Dex: 10    Spells: 0 memorised, 3 levels left

rFire  . . .     SeeInvis +     a - +0 long sword
rCold  . . .     Clarity  .     b - +0 scale mail
rNeg   . . .     SustAt   .     c - +0 shield
rPois  .         Gourm    .     (helmet unavailable)
rElec  .         Spirit   .     o - +0 cloak
rCorr  .         Warding  .     (no gloves)
rMut   .         Stasis   +     (no boots)
MR     .....                    (no amulet)
Stlth  ..........               (no ring)
                                (no ring)

@: lethally poisoned (-1 -> -29), not resistant to hostile enchantments,
extremely unstealthy
A: permanent stasis, dig shafts and tunnels, four strong arms, antennae 3
a: Dig, Shaft Self


You were on level 2 of the Dungeon.
You were not hungry.

You visited 1 branch of the dungeon, and saw 3 of its levels.

You collected 142 gold pieces.

Inventory:

Hand Weapons
 a - a +0 long sword (weapon)
Armour
 b - a +0 scale mail (worn)
 c - a +0 shield (worn)
 o - a +0 cloak (worn)
Jewellery
 m - an uncursed ring of flight {unknown}
Scrolls
 f - a scroll of recharging {unknown}
 h - 3 scrolls of remove curse {unknown}
 j - 2 scrolls of magic mapping {unknown}
 l - a scroll of enchant armour {unknown}
 p - 2 scrolls of identify {unknown}
Potions
 d - a potion of might
 g - 2 potions of haste {unknown}
 k - a potion of curing {unknown}
 q - a potion of beneficial mutation {unknown}
 r - a potion of degeneration {unknown}
Comestibles
 e - a bread ration
 i - a beef jerky
 n - a meat ration


   Skills:
 + Level 5.6 Fighting
 - Level 2.0 Long Blades
 - Level 3.2 Armour
 - Level 3.6 Shields


You had 3 spell levels left.
You didn't know any spells.

Dungeon Overview and Level Annotations

Branches:
Dungeon (3/15)

Altars:
Okawaru
Xom


Innate Abilities, Weirdness & Mutations

You are under a permanent stasis effect.
You can dig through walls and to a lower floor.
Your four strong arms can wield two-handed weapons with a shield.
You have a pair of large antennae on your head (SInv).


Message History

You feel sick.
There is a stone staircase leading up here.
You feel sick. The gnoll misses you.
The gnoll hits you from afar with a halberd of venom.
You are more poisoned.
You hit the gnoll.
The gnoll is lightly wounded.
You feel sick. The gnoll hits you with a club.
The gnoll hits you from afar with a halberd of venom!
* * * LOW HITPOINT WARNING * * *
You are more poisoned.
The gnoll hits you but does no damage.
* * * LOW HITPOINT WARNING * * *
You feel sick.
There is a stone staircase leading up here.
Unknown command.
* * * LOW HITPOINT WARNING * * *
You feel very sick.
You climb upwards.
You die...

######### #.......#
##.......# #........#
###........#
#..........#
#########.#........###
#....@..........^.....
#........#.....)_...##
#........#.##..^...#..
#........#.##......#..
#####.................
#####...###......†
##### #...###.......
#...# #.......(.....
#...# #...###.......


There were no monsters in sight!

Vanquished Creatures
  Crazy Yiuf (D:2)
  An adder (D:1)
  A worm (D:2)
  12 bats
  A giant cockroach (D:2)
  5 hobgoblins
  2 jackals (D:2)
  4 kobolds
  2 quokkas (D:2)
  A ball python (D:2)
  4 giant newts
  5 goblins
  3 rats
42 creatures vanquished.

Notes
Turn   | Place    | Note
--------------------------------------------------------------
     0 | D:1      | Faustar the Formicid Fighter began the quest for the Orb.
     0 | D:1      | Reached XP level 1. HP: 18/18 MP: 1/1
   143 | D:1      | Reached XP level 2. HP: 25/25 MP: 2/2
   183 | D:1      | Reached skill level 4 in Fighting
   612 | D:1      | Reached XP level 3. HP: 22/31 MP: 3/3
   972 | D:2      | Noticed Crazy Yiuf
   976 | D:2      | Killed Crazy Yiuf
   976 | D:2      | Reached skill level 5 in Fighting
   976 | D:2      | Reached XP level 4. HP: 34/39 MP: 4/4
  1131 | D:2      | Found a shimmering altar of Xom.
  1260 | D:2      | Found an iron altar of Okawaru.
  1400 | D:2      | Succumbed to a gnoll's poison

Action                   |  1- 3 |  4- 6 || total
-------------------------+-------+-------++-------
Melee: Long sword        |    84 |    63 ||   147
  Eat: Chunk             |       |     2 ||     2
